 Dungeon Crawl Stone Soup version 0.28-b1-25-g9875b3fc8c (webtiles) character file.

Game seed: 1662726547322348390

2996 MisterFreud the Basher (level 9, -2/88 HPs)
             Began as a Troll Berserker on Feb 2, 2022.
             Was an Elder of Trog.
             Shot with an arrow by a centaur (13 damage)
             ... on level 7 of the Dungeon.
             The game lasted 00:07:46 (5331 turns).

MisterFreud the Basher (Troll Berserker)            Turns: 5331, Time: 00:07:47

Health: -2/88      AC:  4    Str: 30    XL:     9   Next: 54%
Magic:  8/8        EV: 11    Int:  5    God:    Trog [****..]
Gold:   189        SH:  0    Dex: 11    Spells: 8/8 levels left

rFire   . . .      SeeInvis .   f - +5 mace of the Lair of Beasts {flame, Str+3}
rCold   . . .      Faith    .   (no shield)
rNeg    . . .      Spirit   .   b - +0 animal skin
rPois   .          Reflect  .   k - +0 hat
rElec   .          Harm     .   (no cloak)
rCorr   .          Rampage  .   (gloves unavailable)
Will    .....                   (boots unavailable)
Stlth   +.........              (no amulet)
HPRegen 1.04/turn               (no ring)
MPRegen 0.11/turn               (no ring)

@: no status effects
A: large, unfitting armour, claws 3, regeneration 1, shaggy fur 1, tough skin 1
a: Renounce Religion, Berserk, Trog's Hand, Brothers in Arms


You were on level 7 of the Dungeon.
You worshipped Trog.
Trog was greatly pleased with you.
You visited 1 branch of the dungeon, and saw 7 of its levels.

You collected 405 gold pieces.
You spent 216 gold pieces at shops.

Inventory:

Hand Weapons
 a - a +0 mace
 f - the +5 mace of the Lair of Beasts (weapon) {flame, Str+3}
   (You bought it in a shop on level 6 of the Dungeon)

   It burns those it strikes, dealing additional fire damage.
   Str:       It affects your strength (+3).
 v - a +0 morningstar
Missiles
 h - 2 boomerangs (quivered)
 l - 15 poisoned darts
Armour
 b - a +0 animal skin (worn)
 k - a +0 hat (worn)
Jewellery
 i - a ring of fire
Wands
 q - a wand of iceblast (7)
 r - a wand of mindburst (16)
Scrolls
 d - 2 scrolls of fear {unknown}
 e - a scroll of fog {unknown}
 g - a scroll of teleportation
 m - 2 scrolls of holy word
 o - 2 scrolls of enchant armour
 p - a scroll of summoning {unknown}
 u - a scroll of enchant weapon {unknown}
Potions
 c - 3 potions of flight
 j - a potion of attraction
 n - 4 potions of curing
 s - a potion of degeneration {unknown}
 t - a potion of cancellation {unknown}


   Skills:
 - Level 5.0 Fighting
 + Level 11.4 Maces & Flails
 + Level 6.4 Throwing
 - Level 5.0 Dodging
 + Level 2.9 Evocations


You had 8 spell levels left.
You didn't know any spells.
Your spell library was empty.

Dungeon Overview and Level Annotations

Branches:
Dungeon (7/15)             Temple (0/1) D:7

Altars:
Cheibriados
Hepliaklqana

Shops:
D:6 ((


Innate Abilities, Weirdness & Mutations

You are too large for most types of armour.
You have claws for hands.
Your natural rate of healing is unusually fast.
You are covered in fur. (AC +1)
You have tough skin. (AC +1)


Message History

The scorpion is almost dead.
You hear an angry hiss.
An iguana comes into view.
The scorpion stings you but does no damage.
You barely miss the scorpion.
The scorpion is almost dead.
The centaur wields a +0 shortbow.
The centaur shoots an arrow.
The arrow hits you!
The scorpion stings you but does no damage.
You sock the scorpion! You burn the scorpion.
You kill the scorpion!
Trog accepts your kill.
The centaur shoots an arrow.
The arrow hits you!
An ogre comes into view. It is wielding a +0 giant club.
You hear an angry growl.
A black bear comes into view.
Found a stone staircase leading down.
The black bear growls angrily.
The centaur shoots an arrow.
The arrow hits you.
The centaur shoots an arrow.
The arrow closely misses you.
Found a stone staircase leading down.
The centaur shoots an arrow.
The arrow hits you.
You sock the iguana! You burn the iguana.
You kill the iguana!
Trog accepts your kill.
An ufetubus comes into view.
The centaur shoots an arrow.
The arrow hits you!
The ufetubus shouts!
The centaur shoots an arrow.
The arrow hits you!
You sock the ogre! You burn the ogre.
The ogre is moderately wounded.
The black bear barely misses you. x2
The black bear claws you but does no damage.
The ogre hits you with a +0 giant club!!
* * * LOW HITPOINT WARNING * * *
You are too injured to fight recklessly!
The centaur shoots an arrow.
The arrow hits you!
* * * LOW HITPOINT WARNING * * *
The centaur shoots an arrow.
The arrow hits you!
You die...

#.......##
#.#####..#
#......#.# .>
######...##
... ##...###
....
#.....####....
####..........
##.........
#..@....<..
#........[.
#.chO......
#######
#............
.......
###.....5....
#######
...........#
###..........
#..........
#....>.....


You could see a black bear, an ogre, a centaur and an ufetubus.

Vanquished Creatures
  Sigmund (D:2)
  3 yaks (D:5)
  Duvessa (D:7)
  A water moccasin (D:6)
  An orc warrior (D:6)
  An ice beast (D:6)
  An ogre (D:5)
  A necrophage (D:5)
  2 centaurs
  A bullfrog (D:7)
  3 scorpions
  2 water moccasin zombies (D:5)
  Dowan (D:7)
  3 howler monkeys (D:7)
  4 bullfrog zombies
  2 jellies
  A gnoll shaman (D:5)
  2 orc priests
  2 centaur skeletons
  3 hounds
  2 bullfrog skeletons
  Jessica (D:2)
  3 iguanas
  5 orc wizards
  Natasha (twice) (D:3)
  3 hound skeletons
  2 howler monkey zombies (D:7)
  4 gnolls (D:5)
  8 adders
  A shadow imp (D:5)
  3 white imps
  An ufetubus (D:6)
  An adder zombie (D:5)
  An adder skeleton (D:4)
  3 worms
  A dart slug (D:1)
  15 orcs
  5 bats
  2 endoplasms
  3 giant cockroaches
  5 goblins
  6 hobgoblins
  4 jackals (D:1)
  4 quokkas
  7 ball pythons
  2 frilled lizards
  5 kobolds
  3 rats (D:1)
138 creatures vanquished.

Vanquished Creatures (others)
  2 withered plants (D:5)
2 creatures vanquished.

Grand Total: 140 creatures vanquished

Notes
Turn   | Place    | Note
-------+----------+-------------------------------------------
     0 | D:1      | MisterFreud the Troll Berserker began the quest for the
                  | Orb.
     0 | D:1      | Reached XP level 1. HP: 22/22 MP: 0/0
    76 | D:1      | Reached skill level 3 in Maces & Flails
    85 | D:1      | Reached XP level 2. HP: 29/29 MP: 1/1
   402 | D:1      | Found a faded altar of an unknown god.
   404 | D:1      | Reached ** piety under Trog
   764 | D:2      | Reached skill level 4 in Maces & Flails
   764 | D:2      | Reached XP level 3. HP: 33/36 MP: 2/2
   795 | D:2      | Reached skill level 5 in Fighting
   795 | D:2      | Reached skill level 6 in Maces & Flails
   795 | D:2      | Reached skill level 5 in Dodging
   795 | D:2      | Reached XP level 4. HP: 50/50 MP: 3/3
   796 | D:2      | Reached skill level 10 in Maces & Flails
   796 | D:2      | Reached XP level 5. HP: 57/57 MP: 4/4
   899 | D:2      | Noticed Sigmund
   913 | D:2      | Killed Sigmund
   914 | D:2      | Reached XP level 6. HP: 66/66 MP: 5/5
  1230 | D:2      | Noticed Jessica
  1240 | D:2      | Killed Jessica
  1968 | D:3      | Noticed Natasha
  1973 | D:3      | Killed Natasha
  2262 | D:3      | Noticed Natasha
  2270 | D:3      | Killed Natasha
  2271 | D:3      | Reached XP level 7. HP: 63/72 MP: 6/6
  2410 | D:4      | Reached *** piety under Trog
  2425 | D:4      | Reached skill level 5 in Throwing
  2869 | D:5      | Entered Level 5 of the Dungeon
  3050 | D:5      | Reached XP level 8. HP: 31/80 MP: 7/7
  3056 | D:5      | Reached skill level 1 in Evocations
  3289 | D:5      | Reached skill level 11 in Maces & Flails
  3373 | D:5      | Identified the +0 leather armour of Beawku {Will+}
  3410 | D:5      | Found a hazy altar of Hepliaklqana.
  3922 | D:6      | Found a snail-covered altar of Cheibriados.
  3972 | D:6      | Reached XP level 9. HP: 41/88 MP: 8/8
  4526 | D:6      | Reached **** piety under Trog
  4666 | D:6      | Found Diwixef's Antique Weapon Emporium.
  4683 | D:6      | Found Taugipt's Antique Weapon Shop.
  4687 | D:6      | Bought an ancient mace for 216 gold pieces
  4687 | D:6      | Identified the +5 mace of the Lair of Beasts {flame, Str+3}
                  | (You bought it in a shop on level 6 of the Dungeon)
  5153 | D:7      | Noticed Dowan
  5154 | D:7      | Noticed Duvessa
  5170 | D:7      | Killed Duvessa
  5174 | D:7      | Killed Dowan
  5276 | D:7      | Found a staircase to the Ecumenical Temple.
  5331 | D:7      | Shot with an arrow by a centaur

Illustrated notes

Levels and vault maps discovered:
D:1:      nicolae_arrival_washed_ashore, layout_loops_ring,
          shapermc_ecumenical_altar_pompeii
D:2:      layout_basic, minmay_split_cup_large, uniq_sigmund, uniq_jessica
D:3:      layout_loops_ring, uniq_natasha
D:4:      layout_cave_pools
D:5:      layout_loops_cross, mainiacjoe_overflow_concentric_impassable,
          serial_undead, serial_undead_b, serial_undead_c, serial_undead_f,
          serial_undead_e, minmay_misc_feat_iff
D:6:      layout_gridville, mainiacjoe_overflow_24_doors,
          nicolae_wooded_promenade
D:7:      layout_rooms, minmay_temple_entry_arrows, uniq_duvessa

Skill      XL: |  1  2  3  4  5  6  7  8  9 |
---------------+----------------------------+-----
Maces & Flails | 3 4 6 10 11 | 11.4
Fighting       | 5 |  5.0
Throwing       | 4 5 6 |  6.4
Dodging        | 5 |  5.0
Evocations     | 2 |  2.9

Action                   |  1- 3 |  4- 6 |  7- 9 || total
-------------------------+-------+-------+-------++-------
Melee: Mace              |   100 |    99 |   356 ||   555
       Punch             |     1 |       |    10 ||    11
Invok: Berserk           |       |     2 |     3 ||     5
       Trog's Hand       |       |     1 |     4 ||     5
  Use: Scroll            |     2 |       |     6 ||     8
       Potion            |     1 |     1 |       ||     2
Armor: Animal skin       |    51 |    31 |    71 ||   153
Dodge: Dodged            |    57 |    31 |   160 ||   248
